 Dungeon Crawl Stone Soup version 0.20.1-1-g8b1a95d (webtiles) character file.

43 spiff the Ruffian (level 3, -2/28 HPs)
             Began as a Draconian Transmuter on July 19, 2017.
             Slain by a worker ant (5 damage)
             ... on level 2 of the Dungeon.
             The game lasted 00:02:37 (1466 turns).

spiff the Ruffian (Draconian Transmuter)            Turns: 1466, Time: 00:02:37

Health: -2/28      AC:  5    Str: 13    XL:     3   Next: 37%
Magic:  4/6        EV: 12    Int: 13    God:
Gold:   52         SH:  0    Dex: 11    Spells: 3/6 levels left

rFire    . . .     SeeInvis .     - Unarmed
rCold    . . .     Gourm    .   (no shield)
rNeg     . . .     Faith    .   (armour unavailable)
rPois    .         Spirit   .   (helmet restricted)
rElec    .         Reflect  .   (no cloak)
rCorr    .         Harm     .   (no gloves)
MR       .....                  (no boots)
Stlth    +.........             (no amulet)
Regen    0.1/turn               (no ring)
MPRegen  0.1/turn               (no ring)

@: lethally poisoned (-2 -> -12), appendage
A: unfitting armour, horns 2, cold-blooded, AC +5
a: End Transformation


You were on level 2 of the Dungeon.
You were not hungry.
You had grown temporary horns.
You visited 1 branch of the dungeon, and saw 2 of its levels.

You collected 52 gold pieces.

Inventory:

Missiles
 a - 29 arrows
Scrolls
 g - a scroll of random uselessness {unknown}
 i - a scroll of identify {unknown}
 j - a scroll of blinking {unknown}
Potions
 d - a potion of degeneration {unknown}
 e - a potion of heal wounds {unknown}
 f - a potion of magic {unknown}
Books
 b - a book of Changes

   Spells                             Type                      Level
   a - Beastly Appendage              Transmutation                1
   b - Sticks to Snakes               Transmutation                2
   c - Spider Form                    Transmutation/Poison         3
   d - Ice Form                       Ice/Transmutation            4
   e - Blade Hands                    Transmutation                5
Comestibles
 c - 3 bread rations


   Skills:
 - Level 1.1 Fighting
 - Level 1.7 Dodging
 + Level 3.8 Unarmed Combat
 - Level 2.0 Spellcasting
 + Level 3.0 Transmutations


You had 3 spell levels left.
You knew the following spells:

 Your Spells              Type           Power        Failure   Level  Hunger
a - Beastly Appendage     Tmut           #.....       8%          1    ##.....
b - Sticks to Snakes      Tmut           #.......     11%         2    ###....


Dungeon Overview and Level Annotations

Branches:
Dungeon (2/15)

Altars:


Innate Abilities, Weirdness & Mutations

Your plain brown scales are hard. (AC +5)
You cannot fit into any form of body armour.
You are cold-blooded and may be slowed by cold attacks.
You have a pair of horns on your head.


Message History

You are lethally poisoned!
The worker ant poisons you!
* * * LOW HITPOINT WARNING * * *
You feel sick.
Your adder barely misses the worker ant.
You hit the worker ant.
The worker ant is heavily wounded.
* * * LOW HITPOINT WARNING * * *
You feel sick.
Your adder bites the worker ant.
The worker ant barely misses you.
Your adder bites the worker ant.
You hit the worker ant but do no damage.
The worker ant is severely wounded.
* * * LOW HITPOINT WARNING * * *
You feel sick. The worker ant barely misses you.
Your adder barely misses the worker ant.
You hit the worker ant.
The worker ant is almost dead.
* * * LOW HITPOINT WARNING * * *
You feel sick. The worker ant bites you.
You die...

.######..#.....###
#...##.......# .#
.###.>...###...##....#... .#
.8#...<.#............... .#
##..................... .#
#.....#............... .#
#.....##.........##... ##
###.####.............. #
#S####.......####.#. ######
#ra@..............#. #....###
#...####.#...#.....###
....................(.........#
#...............#.......#.....#
#####......###..#.......#.....#
# ..#. #..........#.##### .. .
# ##.##........# ..#
#.......##### ....
######.######


You could see a worker ant, a rat and a friendly adder.

Vanquished Creatures
  An ooze (D:2)
  2 giant cockroaches (D:2)
  2 goblins (D:1)
  A hobgoblin (D:1)
  5 jackals (D:1)
  3 kobolds
  2 bats
  8 rats
24 creatures vanquished.

Vanquished Creatures (collateral kills)
  Jessica (D:2)
1 creature vanquished.

Grand Total: 25 creatures vanquished

Notes
Turn   | Place    | Note
-------+----------+-------------------------------------------
     0 | D:1      | spiff the Draconian Transmuter began the quest for the Orb.
     0 | D:1      | Reached XP level 1. HP: 16/16 MP: 3/3
   343 | D:1      | Reached XP level 2. HP: 20/23 MP: 3/5
   350 | D:1      | Learned a level 2 spell: Sticks to Snakes
  1235 | D:2      | Reached XP level 3. HP: 22/28 MP: 4/6
  1314 | D:2      | Noticed Jessica
  1322 | D:2      | Killed Jessica
  1466 | D:2      | Slain by a worker ant

Skill      XL: |  1  2  3 |
---------------+----------+-----
Transmutations | 3 |  3.0
Fighting       | |  1.1
Dodging        | |  1.7
Unarmed Combat | |  3.8
Spellcasting   | |  2.0

Action                   || total
-------------------------++-------
Melee: Unarmed           ||    73
       Tailslap          ||     6
       Kick              ||    14
       Punch             ||     2
       Headbutt          ||     1
 Cast: Beastly Appendage ||    12
       Sticks to Snakes  ||     3
 Stab: Sleeping          ||     1
  Eat: Chunk             ||     2
Armor: Skin              ||    23
Dodge: Dodged            ||    56
